[Event "FICS rated blitz game"]
[Site "FICS freechess.org"]
[FICSGamesDBGameNo "20002220"]
[White "CAtorox"]
[Black "sbearcat"]
[WhiteElo "1518"]
[BlackElo "1321"]
[WhiteRD "na"]
[BlackRD "na"]
[TimeControl "120+12"]
[Date "1999.10.01"]
[Time "14:54:00"]
[WhiteClock "0:02:00.000"]
[BlackClock "0:02:00.000"]
[ECO "A10"]
[PlyCount "151"]
[Result "1-0"]

1. c4 b6 2. Nc3 Bb7 3. Nf3 e6 4. g3 Bxf3 5. exf3 Nc6 6. Bg2 Rb8 7. a3 Na5 8. d3 Be7 9. O-O d6 10. b4 Nb7 11. Qc2 Nf6 12. Rb1 O-O 13. a4 a5 14. bxa5 Nxa5 15. Bd2 Nd7 16. f4 Nf6 17. h3 h6 18. Ne4 Nxe4 19. Bxe4 Nb7 20. d4 f5 21. Bd3 c5 22. d5 exd5 23. Bxf5 dxc4 24. Be6+ Kh8 25. Bxc4 Na5 26. Bd3 Nc6 27. Bc3 Bf6 28. Bxf6 Qxf6 29. Be4 Nd4 30. Qd3 Qe6 31. Kg2 Rfe8 32. f3 d5 33. Bg6 Qe2+ 34. Qxe2 Rxe2+ 35. Kg1 Re3 36. Bh5 Kh7 37. Bg4 g6 38. Kg2 h5 39. Bd7 Rb7 40. Bc8 Rb8 41. Ba6 Ra8 42. Rxb6 Ra3 43. Bb7 R8xa4 44. Bxd5 Ra2+ 45. Bxa2 Rxa2+ 46. Kh1 Ra3 47. Rb7+ Kh6 48. Rc7 Rc3 49. Kg2 Nf5 50. Rd1 Ne3+ 51. Kf2 Nxd1+ 52. Ke2 Nb2 53. Rc6 Rc2+ 54. Ke3 Rc3+ 55. Ke4 Rc4+ 56. Ke5 Nd3+ 57. Kd5 Rd4+ 58. Ke6 c4 59. Kf7 Rd7+ 60. Ke8 Rd4 61. f5 Ne5 62. Ra6 Rd3 63. f4 Nf3 64. fxg6 Kg7 65. f5 c3 66. Ra7+ Kg8 67. f6 Re3+ 68. Kd8 Kf8 69. Rh7 Re8+ 70. Kd7 Ne5+ 71. Kd6 Nxg6 72. Rc7 Re3 73. g4 h4 74. g5 Rxh3 75. Ke6 Re3+ 76. Kf5 {Black forfeits on time} 1-0

[Event "FICS rated blitz game"]
[Site "FICS freechess.org"]
[FICSGamesDBGameNo "20002219"]
[White "ollive"]
[Black "Alcides"]
[WhiteElo "1489"]
[BlackElo "1691"]
[WhiteRD "na"]
[BlackRD "na"]
[TimeControl "180+0"]
[Date "1999.10.01"]
[Time "14:51:00"]
[WhiteClock "0:03:00.000"]
[BlackClock "0:03:00.000"]
[ECO "A43"]
[PlyCount "110"]
[Result "0-1"]

1. d4 c5 2. c3 cxd4 3. cxd4 d5 4. Bg5 Nc6 5. Nf3 Qb6 6. e3 Qxb2 7. Nbd2 e6 8. Bd3 Bb4 9. O-O h6 10. Bf4 Bxd2 11. Qxd2 Qxd2 12. Nxd2 Nge7 13. Nb3 O-O 14. Bd6 Rd8 15. Bxe7 Nxe7 16. Nc5 b6 17. Na6 Bxa6 18. Bxa6 Rab8 19. Rac1 Rd6 20. Rc7 Kf8 21. Rfc1 b5 22. Rxa7 f6 23. Rcc7 Rc6 24. Rxc6 Nxc6 25. Rb7 Rxb7 26. Bxb7 Na5 27. Bc6 b4 28. Bb5 Ke7 29. Kf1 Nc4 30. Ke2 Na3 31. Kd2 Nxb5 32. Kc2 Nc7 33. Kb3 Na6 34. Ka4 e5 35. Kb5 Nc7+ 36. Kxb4 exd4 37. exd4 Kd6 38. a4 Kc6 39. a5 Na6+ 40. Kc3 Kb5 41. Kd3 Kxa5 42. Ke3 Nb8 43. Kf4 Nc6 44. Kf5 Nxd4+ 45. Kg6 Ne6 46. Kf5 d4 47. Ke4 Kb4 48. f4 Kc3 49. f5 d3 50. fxe6 d2 51. e7 d1=Q 52. e8=Q Qe1+ 53. Kf5 Qxe8 54. g4 Kd4 55. h4 Qe4# {White checkmated} 0-1

[Event "FICS rated blitz game"]
[Site "FICS freechess.org"]
[FICSGamesDBGameNo "20002218"]
[White "Firebutton"]
[Black "Seagaard"]
[WhiteElo "2041"]
[BlackElo "2033"]
[WhiteRD "na"]
[BlackRD "na"]
[TimeControl "180+0"]
[Date "1999.10.01"]
[Time "12:36:00"]
[WhiteClock "0:03:00.000"]
[BlackClock "0:03:00.000"]
[ECO "A16"]
[PlyCount "101"]
[Result "1/2-1/2"]

1. c4 Nf6 2. Nc3 d6 3. g3 Nbd7 4. Bg2 e5 5. d3 Be7 6. Bg5 O-O 7. e3 c6 8. Nge2 h6 9. Bxf6 Nxf6 10. O-O d5 11. Qc2 Be6 12. cxd5 cxd5 13. d4 e4 14. Nf4 Qa5 15. Rfc1 Rfc8 16. a3 g5 17. Nxe6 fxe6 18. b4 Qd8 19. Qb3 Kg7 20. Na4 b6 21. Bf1 g4 22. Ba6 Rxc1+ 23. Rxc1 Nh7 24. Qc2 Bd6 25. Qc6 Ng5 26. Qb7+ Kg6 27. Rc6 Nh3+ 28. Kf1 Qf6 29. Rc2 Rf8 30. Ke1 Nxf2 31. Qc6 Bb8 32. Be2 h5 33. Kd2 Nd3 34. Qd7 h4 35. gxh4 Rf7 36. Qe8 Bxh2 37. Bxd3 exd3 38. Kxd3 g3 39. h5+ Kxh5 40. Rxh2+ gxh2 41. Nc3 Kg6 42. Ne2 h1=Q 43. Nf4+ Qxf4 44. exf4 Qe4+ 45. Kc3 Qxf4 46. Qxe6+ Rf6 47. Qg8+ Kf5 48. Qxd5+ Kg4 49. Qg8+ Rg6 50. Qxg6+ Kh3 51. Qg3+ {Game drawn because both players ran out of time} 1/2-1/2

[Event "FICS rated blitz game"]
[Site "FICS freechess.org"]
[FICSGamesDBGameNo "20002217"]
[White "Alechine"]
[Black "pwaldron"]
[WhiteElo "1309"]
[BlackElo "1334"]
[WhiteRD "na"]
[BlackRD "na"]
[TimeControl "240+12"]
[Date "1999.10.01"]
[Time "12:20:00"]
[WhiteClock "0:04:00.000"]
[BlackClock "0:04:00.000"]
[ECO "C41"]
[PlyCount "64"]
[Result "0-1"]

1. e4 e5 2. Nf3 d6 3. d4 exd4 4. Nxd4 Nf6 5. Nc3 b6 6. Bg5 Be7 7. Bc4 Bb7 8. f3 Nc6 9. Qd2 h6 10. Bh4 O-O 11. O-O-O a6 12. a3 b5 13. Ba2 Re8 14. g4 Ne5 15. Qe3 Nc4 16. Bxc4 bxc4 17. Nf5 d5 18. e5 g5 19. exf6 Bxf6 20. Nxh6+ Kg7 21. Nxf7 Kxf7 22. Qc5 gxh4 23. Nxd5 Bg5+ 24. Kb1 Re5 25. Qxc7+ Qxc7 26. Nxc7 Rc8 27. Rd7+ Kg8 28. Rf1 Bf4 29. Rfd1 Bxf3 30. Rf1 Bxg4 31. Rxf4 Bxd7 32. Rg4+ Bxg4 {White resigns} 0-1

[Event "FICS rated blitz game"]
[Site "FICS freechess.org"]
[FICSGamesDBGameNo "20002216"]
[White "Archilles"]
[Black "RegisAlum"]
[WhiteElo "1368"]
[BlackElo "1340"]
[WhiteRD "na"]
[BlackRD "na"]
[TimeControl "180+12"]
[Date "1999.10.01"]
[Time "11:54:00"]
[WhiteClock "0:03:00.000"]
[BlackClock "0:03:00.000"]
[ECO "B07"]
[PlyCount "64"]
[Result "1-0"]

1. e4 d6 2. d4 Nf6 3. Bd3 c5 4. dxc5 Qa5+ 5. Nc3 Qxc5 6. Nge2 g6 7. Be3 Qc7 8. h3 Nc6 9. O-O Bg7 10. f4 O-O 11. f5 Ne5 12. fxg6 fxg6 13. Qd2 Nc4 14. Bxc4+ Qxc4 15. b3 Qc7 16. Rad1 a6 17. Nd5 Qc6 18. c4 Re8 19. Nd4 Nxe4 20. Qd3 Bxd4 21. Bxd4 Nc5 22. Bxc5 Qxc5+ 23. Kh1 Bd7 24. Rde1 e6 25. Nf6+ Kg7 26. Nxd7 Qc6 27. Qc3+ Kh6 28. Nf6 e5 29. Qe3+ Kg7 30. Ng4 d5 31. Qh6+ Kh8 32. Rf7 Re7 {Black resigns} 1-0

[Event "FICS rated blitz game"]
[Site "FICS freechess.org"]
[FICSGamesDBGameNo "20002215"]
[White "EdoTK"]
[Black "DWisdom"]
[WhiteElo "1605"]
[BlackElo "1530"]
[WhiteRD "na"]
[BlackRD "na"]
[TimeControl "180+0"]
[Date "1999.10.01"]
[Time "11:52:00"]
[WhiteClock "0:03:00.000"]
[BlackClock "0:03:00.000"]
[ECO "B21"]
[PlyCount "94"]
[Result "0-1"]

1. e4 c5 2. f4 Nc6 3. Nf3 d6 4. c4 Bg4 5. h3 Bxf3 6. Qxf3 Nd4 7. Qd1 e5 8. f5 Nf6 9. d3 Be7 10. Be3 O-O 11. Bxd4 cxd4 12. Be2 a6 13. b4 b5 14. Nd2 Rc8 15. a4 d5 16. c5 dxe4 17. Nxe4 Nxe4 18. dxe4 bxa4 19. Rxa4 Rb8 20. Bxa6 Bh4+ 21. Ke2 Ra8 22. b5 Qg5 23. Qg1 Qf4 24. Kd3 Bf2 25. Qc1 Be3 26. Qf1 Qg5 27. h4 Qe7 28. c6 Qc5 29. Qa1 Rfb8 30. Rc4 Qb6 31. c7 Rc8 32. Bxc8 Rxa1 33. Rxa1 Qxb5 34. Bd7 Qb3+ 35. Ke2 Qb2+ 36. Kf3 Qf2+ 37. Kg4 Qf4+ 38. Kh3 g6 39. c8=Q+ Kg7 40. Ra8 Qxe4 41. Qh8+ Kh6 42. g4 Qf3+ 43. Kh2 Qf2+ 44. Kh3 Qf1+ 45. Kh2 Qg1+ 46. Kh3 Qh1+ 47. Kg3 Bf4+ {White forfeits on time} 0-1

[Event "FICS rated blitz game"]
[Site "FICS freechess.org"]
[FICSGamesDBGameNo "20002214"]
[White "Godot"]
[Black "valmont"]
[WhiteElo "1424"]
[BlackElo "1510"]
[WhiteRD "na"]
[BlackRD "na"]
[TimeControl "120+8"]
[Date "1999.10.01"]
[Time "11:41:00"]
[WhiteClock "0:02:00.000"]
[BlackClock "0:02:00.000"]
[ECO "C55"]
[PlyCount "67"]
[Result "0-1"]

1. e4 e5 2. Bc4 Nc6 3. Nf3 Nf6 4. O-O Be7 5. Nc3 O-O 6. d4 exd4 7. Nxd4 d5 8. exd5 Na5 9. Bd3 Nxd5 10. Nf5 Bxf5 11. Bxf5 Nxc3 12. bxc3 Bf6 13. Ba3 Qxd1 14. Rfxd1 Rfd8 15. Bb4 Nc6 16. h3 Nxb4 17. cxb4 Bxa1 18. Rxa1 g6 19. Be4 c6 20. b5 Rab8 21. bxc6 bxc6 22. Bxc6 Rd2 23. Ba4 Rbd8 24. Re1 Rd1 25. Kf1 R8d2 26. Bb3 Kg7 27. c4 Rxe1+ 28. Kxe1 Rb2 29. c5 Kf8 30. c6 Ke7 31. Kd1 Rxf2 32. Ba4 Kd6 33. Ke1 Rxa2 34. Bb3 {White resigns} 0-1

[Event "FICS rated blitz game"]
[Site "FICS freechess.org"]
[FICSGamesDBGameNo "20002212"]
[White "Guffen"]
[Black "WOLFDAWG"]
[WhiteElo "1175"]
[BlackElo "1255"]
[WhiteRD "na"]
[BlackRD "na"]
[TimeControl "300+0"]
[Date "1999.10.01"]
[Time "10:11:00"]
[WhiteClock "0:05:00.000"]
[BlackClock "0:05:00.000"]
[ECO "B07"]
[PlyCount "52"]
[Result "0-1"]

1. e4 d6 2. Nc3 c5 3. Bc4 Nf6 4. d3 a6 5. Bg5 b5 6. Bd5 Ra7 7. Nf3 Nxd5 8. Nxd5 Nc6 9. O-O h6 10. Bf4 e6 11. Ne3 e5 12. Bg3 Nd4 13. Nxd4 cxd4 14. Rc1 b4 15. Nc4 a5 16. c3 Ba6 17. cxd4 exd4 18. Re1 Bxc4 19. Rxc4 Be7 20. Rxd4 O-O 21. e5 Qb6 22. Ree4 dxe5 23. Bxe5 Bf6 24. Bxf6 Qxf6 25. Qf3 Rc7 26. Qxf6 Rc1+ {White forfeits on time} 0-1

[Event "FICS rated blitz game"]
[Site "FICS freechess.org"]
[FICSGamesDBGameNo "20002211"]
[White "Ramsed"]
[Black "MrHell"]
[WhiteElo "1657"]
[BlackElo "1730"]
[WhiteRD "na"]
[BlackRD "na"]
[TimeControl "180+0"]
[Date "1999.10.01"]
[Time "10:11:00"]
[WhiteClock "0:03:00.000"]
[BlackClock "0:03:00.000"]
[ECO "A00"]
[PlyCount "76"]
[Result "0-1"]

1. e3 c5 2. Nf3 e6 3. c4 b6 4. Nc3 Bb7 5. d4 d6 6. dxc5 bxc5 7. b3 Nd7 8. Bb2 Be7 9. Be2 Ngf6 10. Qd2 O-O 11. Rd1 Qb6 12. O-O Rfd8 13. Qc2 Nf8 14. Rd2 Ng6 15. Rfd1 Rac8 16. Nb5 a6 17. Bxf6 gxf6 18. Nc3 Ne5 19. Ne4 f5 20. Nxd6 Nxf3+ 21. Bxf3 Bxf3 22. Nxc8 Bxd1 23. Nxb6 Bxc2 24. Rxd8+ Bxd8 25. Nd7 Bb1 26. Nxc5 a5 27. a3 Bc2 28. b4 axb4 29. axb4 Be7 30. Na6 Bd3 31. Nb8 Bxc4 32. Nc6 Bd6 33. f3 Bd5 34. Nd4 Bxb4 35. Kf2 Bc5 36. Kg3 Kg7 37. Kf4 Kf6 38. h4 e5+ {White resigns} 0-1

[Event "FICS rated blitz game"]
[Site "FICS freechess.org"]
[FICSGamesDBGameNo "20002210"]
[White "rimas"]
[Black "SergeZ"]
[WhiteElo "1650"]
[BlackElo "1691"]
[WhiteRD "na"]
[BlackRD "na"]
[TimeControl "180+0"]
[Date "1999.10.01"]
[Time "09:33:00"]
[WhiteClock "0:03:00.000"]
[BlackClock "0:03:00.000"]
[ECO "B21"]
[PlyCount "46"]
[Result "0-1"]

1. e4 c5 2. f4 e6 3. Nf3 Nc6 4. c3 a6 5. d4 cxd4 6. cxd4 d5 7. e5 Qb6 8. Nc3 Bb4 9. Be2 Nge7 10. O-O Nf5 11. a3 Be7 12. Bd3 Ncxd4 13. Nxd4 Nxd4 14. Kh1 Nb3 15. Rb1 Nxc1 16. Qxc1 O-O 17. Qc2 g6 18. Rf3 Bd7 19. Rg3 Rac8 20. Bxg6 fxg6 21. Rxg6+ Kh8 22. Rh6 Rf7 23. Qf2 Qxf2 {White resigns} 0-1

[Event "FICS rated blitz game"]
[Site "FICS freechess.org"]
[FICSGamesDBGameNo "20002209"]
[White "renatov"]
[Black "spalpeen"]
[WhiteElo "1523"]
[BlackElo "1513"]
[WhiteRD "na"]
[BlackRD "na"]
[TimeControl "300+2"]
[Date "1999.10.01"]
[Time "08:38:00"]
[WhiteClock "0:05:00.000"]
[BlackClock "0:05:00.000"]
[ECO "C62"]
[PlyCount "68"]
[Result "0-1"]

1. e4 Nc6 2. Nf3 e5 3. Bb5 d6 4. O-O Bg4 5. h3 Bh5 6. Nc3 Ne7 7. d3 Qd7 8. Nd5 h6 9. Be3 a6 10. Ba4 g5 11. g4 O-O-O 12. gxh5 Qxh3 13. Nh2 b5 14. Bb3 f5 15. Nxe7+ Nxe7 16. Be6+ Kb7 17. exf5 Nxf5 18. Qf3+ Qxf3 19. Nxf3 Ng7 20. Bd5+ c6 21. Be4 Nxh5 22. Nd2 Be7 23. a4 d5 24. Bf3 g4 25. axb5 gxf3 26. bxa6+ Ka8 27. Nxf3 Bd6 28. Rfe1 Rdg8+ 29. Kh1 Rf8 30. Nh2 d4 31. Bxd4 exd4 32. Re6 Bxh2 33. Kxh2 Rxf2+ 34. Kh3 Nf4+ {White resigns} 0-1

[Event "FICS rated blitz game"]
[Site "FICS freechess.org"]
[FICSGamesDBGameNo "20002208"]
[White "JRF"]
[Black "Miker"]
[WhiteElo "1589"]
[BlackElo "1681"]
[WhiteRD "na"]
[BlackRD "na"]
[TimeControl "300+0"]
[Date "1999.10.01"]
[Time "08:06:00"]
[WhiteClock "0:05:00.000"]
[BlackClock "0:05:00.000"]
[ECO "C64"]
[PlyCount "145"]
[Result "1/2-1/2"]

1. e4 e5 2. Nf3 Nc6 3. Bb5 Bc5 4. O-O Nd4 5. Nxd4 Bxd4 6. c3 Bb6 7. d4 c6 8. Ba4 d6 9. dxe5 dxe5 10. Qxd8+ Bxd8 11. Nd2 Be6 12. Nf3 f6 13. Be3 Ne7 14. Rad1 Bb6 15. Rfe1 Kf7 16. h3 Rhd8 17. Bb3 Bxb3 18. axb3 Bxe3 19. Rxd8 Bxf2+ 20. Kxf2 Rxd8 21. Ke2 Ng6 22. g3 Nf8 23. Nd2 Ne6 24. b4 a6 25. h4 g6 26. Nc4 b5 27. Na5 c5 28. Rd1 Rxd1 29. Kxd1 cxb4 30. cxb4 Nd4 31. Nb7 Nc6 32. Kd2 Nxb4 33. Kc3 Nc6 34. Nc5 a5 35. Nb7 a4 36. Nd6+ Ke6 37. Nxb5 f5 38. Kd3 fxe4+ 39. Kxe4 Na5 40. Nc3 Nc4 41. Nxa4 Nd6+ 42. Kf3 Kd5 43. b3 Kd4 44. Nb6 e4+ 45. Kf2 e3+ 46. Ke2 Nf5 47. b4 Nxg3+ 48. Ke1 Kd3 49. Nd5 Nf5 50. b5 Nd6 51. b6 Kd4 52. Nf4 Kc5 53. Ke2 Kxb6 54. h5 g5 55. Ne6 h6 56. Kxe3 Kc6 57. Kf3 Kd5 58. Nf8 Ke5 59. Kg4 Ne4 60. Ng6+ Kf6 61. Nf8 Nf2+ 62. Kf3 Nh3 63. Kg4 Nf4 64. Nd7+ Ke6 65. Nc5+ Kd5 66. Nd7 Nxh5 67. Kxh5 Ke6 68. Nc5+ Kf5 69. Nd3 Ke4 70. Nf2+ Kf3 71. Ng4 Kf4 72. Nxh6 g4 73. Nxg4 {Neither player has mating material} 1/2-1/2

[Event "FICS rated lightning game"]
[Site "FICS freechess.org"]
[FICSGamesDBGameNo "20002206"]
[White "Marve"]
[Black "LowProfile"]
[WhiteElo "1794"]
[BlackElo "1705"]
[WhiteRD "na"]
[BlackRD "na"]
[TimeControl "60+0"]
[Date "1999.10.01"]
[Time "03:45:00"]
[WhiteClock "0:01:00.000"]
[BlackClock "0:01:00.000"]
[ECO "B07"]
[PlyCount "75"]
[Result "0-1"]

1. e4 e6 2. d4 d6 3. Nf3 Be7 4. Bd3 Bd7 5. O-O c6 6. Re1 Qc7 7. Nc3 a6 8. Bf4 b5 9. a4 b4 10. Ne2 h6 11. Ng3 Nf6 12. e5 Nd5 13. exd6 Bxd6 14. Bxd6 Qxd6 15. Ne5 Nf4 16. Bf1 O-O 17. Ne4 Qe7 18. Qd2 Ng6 19. Nxg6 fxg6 20. Nc5 Qf6 21. Nxd7 Nxd7 22. f3 e5 23. dxe5 Nxe5 24. Be2 Rad8 25. Qxb4 Rb8 26. Qe4 Rxb2 27. Rad1 Re8 28. Qd4 Rbb8 29. Qc5 Nd7 30. Bc4+ Kh7 31. Qf2 c5 32. Bd3 Rxe1+ 33. Rxe1 Rf8 34. Qg3 Nb6 35. Re6 Qa1+ 36. Kf2 Nd5 37. Rxg6 Qd4+ 38. Ke2 {White forfeits on time} 0-1

[Event "FICS rated blitz game"]
[Site "FICS freechess.org"]
[FICSGamesDBGameNo "20002205"]
[White "vlk"]
[Black "rup"]
[WhiteElo "1254"]
[BlackElo "1583"]
[WhiteRD "na"]
[BlackRD "na"]
[TimeControl "180+0"]
[Date "1999.10.01"]
[Time "03:41:00"]
[WhiteClock "0:03:00.000"]
[BlackClock "0:03:00.000"]
[ECO "A00"]
[PlyCount "46"]
[Result "0-1"]

1. a3 e5 2. b4 d5 3. Bb2 Bd6 4. Nf3 Qe7 5. e3 Nf6 6. c4 O-O 7. Nc3 c6 8. Be2 b5 9. cxb5 cxb5 10. Nxb5 Nbd7 11. O-O a6 12. Nxd6 Qxd6 13. d4 e4 14. Ne5 Nb6 15. Rc1 Bd7 16. Qd2 Rfc8 17. Rxc8+ Rxc8 18. Rc1 Bb5 19. Rxc8+ Nxc8 20. Qc2 Bxe2 21. Qxc8+ Qf8 22. Qb7 Ne8 23. a4 Qd6 {White forfeits on time} 0-1

[Event "FICS rated lightning game"]
[Site "FICS freechess.org"]
[FICSGamesDBGameNo "20002204"]
[White "alexki"]
[Black "Runty"]
[WhiteElo "1725"]
[BlackElo "1685"]
[WhiteRD "na"]
[BlackRD "na"]
[TimeControl "60+0"]
[Date "1999.09.30"]
[Time "22:57:00"]
[WhiteClock "0:01:00.000"]
[BlackClock "0:01:00.000"]
[ECO "A00"]
[PlyCount "116"]
[Result "1-0"]

1. e3 e6 2. d4 d5 3. Nf3 c5 4. Ne5 cxd4 5. exd4 Nc6 6. Nc3 Qb6 7. Nxc6 bxc6 8. Bd3 Ba6 9. Bxa6 Qxa6 10. Qe2 Qxe2+ 11. Kxe2 c5 12. dxc5 Bxc5 13. Bd2 Nf6 14. Na4 Bd6 15. Bc3 O-O 16. Bxf6 gxf6 17. b3 a5 18. Rac1 Ba3 19. Rcd1 Rac8 20. Kd3 e5 21. Nb6 Rcd8 22. Rhe1 Bc5 23. Na4 e4+ 24. Ke2 Bb4 25. Rf1 Be7 26. Rc1 Rd7 27. c4 Rfd8 28. cxd5 Rxd5 29. Rfd1 f5 30. Rxd5 Rxd5 31. Rd1 Rxd1 32. Kxd1 Bb4 33. Kc2 Bf8 34. Nc3 Kg7 35. Nd5 Kg6 36. Ne3 Bh6 37. Kd2 Bxe3+ 38. Kxe3 Kf6 39. a3 Ke6 40. b4 axb4 41. axb4 Kd6 42. Kf4 Kc6 43. Kxf5 Kb5 44. Kxe4 f6 45. Kf5 Kc6 46. Kxf6 Kd5 47. Kg7 Ke4 48. b5 Kd3 49. b6 Ke2 50. b7 Kf1 51. b8=Q Kg1 52. Qg3 Kh1 53. Kxh7 Kg1 54. f3 Kf1 55. f4 Ke2 56. f5 Kd2 57. f6 Kc2 58. f7 Kd2 {Black forfeits on time} 1-0

[Event "FICS rated standard game"]
[Site "FICS freechess.org"]
[FICSGamesDBGameNo "20002202"]
[White "CanOpener"]
[Black "SpareUs"]
[WhiteElo "1752"]
[BlackElo "1610"]
[WhiteRD "na"]
[BlackRD "na"]
[TimeControl "900+0"]
[Date "1999.09.30"]
[Time "21:39:00"]
[WhiteClock "0:15:00.000"]
[BlackClock "0:15:00.000"]
[ECO "C21"]
[PlyCount "92"]
[Result "0-1"]

1. e4 e5 2. d4 exd4 3. c3 dxc3 4. Bc4 d6 5. Nxc3 Be7 6. Nf3 Nf6 7. Bg5 O-O 8. O-O Bg4 9. h3 Bh5 10. Bxf6 Bxf6 11. g4 Bg6 12. Nd4 Nc6 13. Nxc6 bxc6 14. Bd3 Rb8 15. f4 Rxb2 16. Na4 Rb4 17. f5 Bxa1 18. a3 Bd4+ 19. Kg2 Rb8 20. fxg6 hxg6 21. Bc4 Be5 22. Qf3 Qe7 23. Nc3 Rb2+ 24. Ne2 Qf6 25. Qe3 Qe7 26. Qxa7 c5 27. Rf2 Kh7 28. a4 f5 29. exf5 gxf5 30. Bd3 g6 31. Qa6 fxg4 32. Rxf8 Qxf8 33. hxg4 Qf4 34. Qa7 Qg3+ 35. Kf1 Qxd3 36. Qxc7+ Bg7 37. Qe7 Qf3+ 38. Ke1 Qh1+ 39. Kf2 Qh2+ 40. Kf3 Rxe2 41. Qxe2 Qxe2+ 42. Kxe2 Bc3 43. Kd3 Ba5 44. Kc4 Kh6 45. Kd5 Bd8 46. Kxd6 c4 {White resigns} 0-1

[Event "FICS rated lightning game"]
[Site "FICS freechess.org"]
[FICSGamesDBGameNo "20002201"]
[White "Lorn"]
[Black "andyc"]
[WhiteElo "2111"]
[BlackElo "1854"]
[WhiteRD "na"]
[BlackRD "na"]
[TimeControl "60+0"]
[Date "1999.09.30"]
[Time "19:08:00"]
[WhiteClock "0:01:00.000"]
[BlackClock "0:01:00.000"]
[ECO "A00"]
[PlyCount "73"]
[Result "1-0"]

1. g3 d5 2. Bg2 e6 3. Nf3 c6 4. d4 Nf6 5. c4 Be7 6. Nc3 Nbd7 7. Ne5 O-O 8. Nxd7 Bxd7 9. cxd5 cxd5 10. O-O Rc8 11. Bf4 b6 12. Rc1 Bc6 13. a3 Bd6 14. e3 Bxf4 15. exf4 Ne4 16. Bxe4 dxe4 17. Qd2 f5 18. Rfd1 Ba8 19. Qe3 Qc7 20. Rd2 h6 21. Rcd1 Rfe8 22. d5 exd5 23. Nxd5 Qc6 24. b4 Rcd8 25. Ne7+ Rxe7 26. Rxd8+ Kh7 27. Rf8 Rd7 28. Rxd7 Qxd7 29. Rxa8 Qd1+ 30. Kg2 Qd5 31. Rxa7 h5 32. Ra6 Qc6 33. Rxb6 Qc4 34. h4 Qf1+ 35. Kxf1 Kg8 36. a4 Kh7 37. Qd4 {Black resigns} 1-0

[Event "FICS rated blitz game"]
[Site "FICS freechess.org"]
[FICSGamesDBGameNo "20002200"]
[White "sexygrl"]
[Black "bemji"]
[WhiteElo "1183"]
[BlackElo "1371"]
[WhiteRD "na"]
[BlackRD "na"]
[TimeControl "120+12"]
[Date "1999.09.30"]
[Time "12:53:00"]
[WhiteClock "0:02:00.000"]
[BlackClock "0:02:00.000"]
[ECO "C41"]
[PlyCount "51"]
[Result "0-1"]

1. e4 e5 2. Nf3 d6 3. d4 Bg4 4. Qd3 Bxf3 5. gxf3 exd4 6. Qxd4 Nc6 7. Qa4 g6 8. Bh3 Qf6 9. Nc3 Ne7 10. Be3 Qxf3 11. Rf1 Qxh3 12. Bxa7 Rxa7 13. Qb3 Nd4 14. Qc4 Nxc2+ 15. Kd2 Nxa1 16. Qxc7 Bh6+ 17. Ke2 Qg4+ 18. f3 Qe6 19. Rxa1 O-O 20. Qb6 Qc4+ 21. Kf2 Bg7 22. Qxa7 Bd4+ 23. Kg2 Bxa7 24. Re1 Qb4 25. Nd5 Qxe1 26. Nxe7+ {White resigns} 0-1

[Event "FICS rated blitz game"]
[Site "FICS freechess.org"]
[FICSGamesDBGameNo "20002199"]
[White "sete"]
[Black "sooner"]
[WhiteElo "1874"]
[BlackElo "1821"]
[WhiteRD "na"]
[BlackRD "na"]
[TimeControl "180+0"]
[Date "1999.09.30"]
[Time "12:04:00"]
[WhiteClock "0:03:00.000"]
[BlackClock "0:03:00.000"]
[ECO "D13"]
[PlyCount "84"]
[Result "1-0"]

1. d4 d5 2. c4 c6 3. Nc3 Nf6 4. cxd5 cxd5 5. Nf3 Nc6 6. Bf4 e6 7. e3 Bd6 8. Bg3 O-O 9. Bd3 a6 10. Rc1 Qe7 11. Qb3 b5 12. O-O Bd7 13. a4 b4 14. Ne2 a5 15. Bxd6 Qxd6 16. Rc5 Ne4 17. Bxe4 dxe4 18. Ng5 f5 19. Rfc1 Rfc8 20. Nf4 Nd8 21. Qc2 h6 22. Ngh3 Nb7 23. Rc7 b3 24. Qc4 Rxc7 25. Qxc7 Rc8 26. Qxc8+ Bxc8 27. Rxc8+ Kh7 28. Nh5 e5 29. Rc4 exd4 30. Rxd4 Qc6 31. g4 Qc1+ 32. Kg2 Qxb2 33. gxf5 Qxd4 34. exd4 b2 35. f6 b1=Q 36. f7 Qb4 37. N3f4 Qf8 38. Ne6 Qxf7 39. Nhxg7 Kg6 40. Kf1 Nd6 41. Ke2 Qf3+ 42. Kd2 Qd3+ {Black forfeits on time} 1-0

[Event "FICS rated blitz game"]
[Site "FICS freechess.org"]
[FICSGamesDBGameNo "20002198"]
[White "Goldorak"]
[Black "sete"]
[WhiteElo "1614"]
[BlackElo "1884"]
[WhiteRD "na"]
[BlackRD "na"]
[TimeControl "180+0"]
[Date "1999.09.30"]
[Time "11:43:00"]
[WhiteClock "0:03:00.000"]
[BlackClock "0:03:00.000"]
[ECO "C00"]
[PlyCount "39"]
[Result "1-0"]

1. e4 e6 2. Nf3 d5 3. d4 dxe4 4. Ne5 Nf6 5. Bg5 c5 6. c3 h6 7. Bb5+ Bd7 8. Bxf6 gxf6 9. Nxd7 Nxd7 10. dxc5 Bxc5 11. Nd2 Bxf2+ 12. Kxf2 Qb6+ 13. Ke1 Qxb5 14. Nxe4 Qe5 15. Qe2 O-O-O 16. Rd1 f5 17. Nd6+ Qxd6 18. Rxd6 Nc5 19. Rxd8+ Rxd8 20. Qc4 {Black resigns} 1-0

[Event "FICS rated blitz game"]
[Site "FICS freechess.org"]
[FICSGamesDBGameNo "20002197"]
[White "PijamaRojo"]
[Black "PistolPete"]
[WhiteElo "1347"]
[BlackElo "1367"]
[WhiteRD "na"]
[BlackRD "na"]
[TimeControl "300+2"]
[Date "1999.09.30"]
[Time "11:35:00"]
[WhiteClock "0:05:00.000"]
[BlackClock "0:05:00.000"]
[ECO "D31"]
[PlyCount "78"]
[Result "0-1"]

1. e3 e6 2. d4 d5 3. c4 c6 4. Nc3 Nf6 5. Be2 Be7 6. Nf3 O-O 7. O-O Nbd7 8. a3 a6 9. Qc2 b5 10. cxd5 cxd5 11. Bd3 Nb6 12. b3 Bb7 13. Ne2 Rc8 14. Qb1 Bd6 15. Bb2 Qe7 16. Re1 b4 17. axb4 Bxb4 18. Rd1 a5 19. Rc1 Rxc1+ 20. Qxc1 h6 21. Ba3 Nc8 22. Bxb4 axb4 23. Ra7 Nxa7 24. Ne5 Nc8 25. h4 Nd6 26. g4 Nde4 27. Bxe4 Nxe4 28. h5 Qh4 29. Qe1 Ba6 30. Nf4 f6 31. Neg6 Qxg4+ 32. Kh2 Rb8 33. Ne7+ Kf7 34. Neg6 e5 35. Nxd5 Qxh5+ 36. Kg1 Qxg6+ 37. Kh2 Bb7 38. Nxb4 Nd6 39. Nd3 Qg2# {White checkmated} 0-1

[Event "FICS rated blitz game"]
[Site "FICS freechess.org"]
[FICSGamesDBGameNo "20002196"]
[White "Enrico"]
[Black "haka"]
[WhiteElo "1407"]
[BlackElo "1531"]
[WhiteRD "na"]
[BlackRD "na"]
[TimeControl "180+0"]
[Date "1999.09.30"]
[Time "11:19:00"]
[WhiteClock "0:03:00.000"]
[BlackClock "0:03:00.000"]
[ECO "B09"]
[PlyCount "68"]
[Result "0-1"]

1. e4 d6 2. d4 Nf6 3. Nc3 g6 4. f4 Bg7 5. Nf3 O-O 6. Be3 Nbd7 7. Qd2 e5 8. dxe5 dxe5 9. O-O-O Qe7 10. Bc4 a6 11. Nd5 Nxd5 12. exd5 Nb6 13. Bb3 exf4 14. Bxf4 Qf6 15. Be5 Qf5 16. Bxg7 Kxg7 17. Rhe1 Qd7 18. Ne5 Qd6 19. Qd4 f6 20. Nd3 Bf5 21. Nc5 Rad8 22. Nxb7 Qxh2 23. Nxd8 Rxd8 24. Rh1 Qg3 25. Rh3 Qg5+ 26. Re3 Re8 27. Re1 Bd7 28. Kb1 Rxe3 29. Qxe3 Qxe3 30. Rxe3 Kf7 31. c4 Kf8 32. Kc2 Nc8 33. Kc3 Nd6 34. Kd4 Nf5+ {White forfeits on time} 0-1

[Event "FICS rated standard game"]
[Site "FICS freechess.org"]
[FICSGamesDBGameNo "20002195"]
[White "woden"]
[Black "Candel"]
[WhiteElo "1816"]
[BlackElo "1910"]
[WhiteRD "na"]
[BlackRD "na"]
[TimeControl "900+40"]
[Date "1999.09.30"]
[Time "11:06:00"]
[WhiteClock "0:15:00.000"]
[BlackClock "0:15:00.000"]
[ECO "E90"]
[PlyCount "88"]
[Result "0-1"]

1. c4 Nf6 2. Nc3 g6 3. Nf3 Bg7 4. d4 c5 5. d5 O-O 6. e4 d6 7. Bd3 Re8 8. O-O e6 9. Bg5 h6 10. Bh4 g5 11. Bg3 e5 12. Nd2 Bg4 13. Be2 Bd7 14. h3 Nh7 15. Qc2 Na6 16. a3 Nc7 17. Rab1 b6 18. b4 Rb8 19. b5 Rf8 20. Qd1 Qc8 21. Bh2 Ne8 22. Rc1 Nef6 23. Bd3 Kh8 24. Ne2 Ng8 25. Ng3 Nhf6 26. Be2 Ne7 27. Bd3 Rg8 28. Qc2 Ng6 29. Nf5 Bf8 30. Be2 Nf4 31. Bg4 h5 32. Bd1 Bxf5 33. exf5 Bh6 34. g4 Nxh3+ 35. Kg2 hxg4 36. Ne4 Nxe4 37. Qxe4 Nf4+ 38. Bxf4 gxf4 39. Bxg4 Rxg4+ 40. Kf3 Rg5 41. Rh1 Kh7 42. Rh3 Qxf5 43. Qxf5+ Rxf5 44. Rch1 Rf6 {White resigns} 0-1